 Dungeon Crawl Stone Soup version 0.30-a0-1074-g5db6f66fbb (webtiles) character file.

Game seed: 14294973696578437391

274763 funkygono the Hoplite (level 19, 0/187 HPs)
             Began as a Minotaur Fighter on Apr 12, 2023.
             Was an Elder of Okawaru.
             Splashed by an acid blob's acid (3 damage)
             ... on level 2 of the Pits of Slime on Apr 13, 2023.
             The game lasted 01:33:39 (43785 turns).

funkygono the Hoplite (Minotaur Fighter)           Turns: 43785, Time: 01:33:41

Health: 0/187      AC:  7    Str: 30    XL:     19   Next: 54%
Magic:  21/21      EV: 13    Int:  3    God:    Okawaru [****..]
Gold:   1302       SH: 32    Dex: 15    Spells: 18/18 levels left

rFire   + + .      SeeInvis .    t - +8 hand axe "Taduzy" {speed, Will+ rCorr}
rCold   . . .      Faith    .    E - +2 tower shield {AC+3}
rNeg    . . .      Spirit   .    v - +0 crystal plate armour
rPois   .          Reflect  +    P - +2 hat "Relad" {Rampage Will+ Str+2 Dex+4}
rElec   .          Rampage  +    g - -1 cloak "Tuasi" {rF++ Will+ Stlth+}
rCorr   +          Rnd*Tele +    C - +1 pair of gloves
Will    ++++.                    B - +1 pair of boots Stlth
                                 w - amulet of reflection
HPRegen 0.51/turn                W - ring of resist corrosion
MPRegen 0.17/turn                M - +4 ring of protection

@: heroic, corroded, unable to read
A: horns 2, retaliatory headbutt, dopey 1, screaming 1, teleportitis 2,
inability to read after injury 1
}: 2/15 runes: serpentine, barnacled
a: Renounce Religion, Heroism, Finesse


You were on level 2 of the Pits of Slime.
You worshipped Okawaru.
Okawaru was greatly pleased with you.
You visited 7 branches of the dungeon, and saw 33 of its levels.
You visited 1 bazaar.
You also visited: Sewer and Ice Cave.

You collected 3288 gold pieces.
You spent 1986 gold pieces at shops.

Inventory:

Hand Weapons
 t - the +8 hand axe "Taduzy" (weapon) {speed, Will+ rCorr}
   (You bought it in a shop on level 2 of the Orcish Mines)

   rCorr:     It protects you from acid and corrosion.
   Will:      It increases your willpower.
 L - a +6 broad axe of flaming
Missiles
 c - 20 silver javelins
 k - 19 throwing nets
 o - 39 boomerangs
 s - 28 javelins (quivered)
 R - 2 silver boomerangs
 Z - 6 boomerangs of dispersal
Armour
 g - the -1 cloak "Tuasi" (worn) {rF++ Will+ Stlth+}
   (You acquired it on level 5 of the Dungeon)

   rF:        It greatly protects you from fire.
   Will:      It increases your willpower.
   Stlth:     It makes you more stealthy.
 v - a +0 crystal plate armour (worn)
 B - a +1 pair of boots (worn)
 C - a +1 pair of gloves (worn)
 E - a +2 tower shield of protection (worn)
 P - the +2 hat "Relad" (worn) {Rampage Will+ Str+2 Dex+4}
   (Okawaru gifted it to you on level 11 of the Dungeon)

   Str:       It affects your strength (+2).
   Dex:       It affects your dexterity (+4).
   Rampage:   It bestows one free step when moving towards enemies.
   Will:      It increases your willpower.
Jewellery
 f - a ring of willpower
 m - a ring of flight
 w - an amulet of reflection (around neck)
 D - a ring of poison resistance
 G - a ring of protection from fire
 K - a +4 ring of slaying
 M - a +4 ring of protection (right hand)
 O - a +6 ring of strength
 Q - the ring of Elyvilon's Vengeance {rF+ Dex+3 SInv}
   (You bought it in a shop in a bazaar)

   [ring of see invisible]

   Dex:       It affects your dexterity (+3).
   rF:        It protects you from fire.
   SInv:      It lets you see invisible.
 W - a ring of resist corrosion (left hand)
Wands
 b - a wand of roots (12)
 q - a wand of flame (94)
 u - a wand of mindburst (3)
 H - a wand of digging (3)
Scrolls
 l - 9 scrolls of teleportation
 n - 5 scrolls of blinking
 p - 2 scrolls of fog
 y - 2 scrolls of silence
 A - 13 scrolls of identify
 F - 4 scrolls of fear
Potions
 e - 14 potions of curing
 h - 6 potions of berserk rage
 i - 6 potions of haste
 j - 2 potions of cancellation
 r - 8 potions of invisibility
 x - 3 potions of heal wounds
 z - 4 potions of mutation
 I - 2 potions of ambrosia
 T - 4 potions of flight


   Skills:
 + Level 20.3(25.3) Fighting
 + Level 21.9(26.9) Axes
 + Level 4.1(9.1) Throwing
 + Level 16.7(21.7) Armour
 + Level 8.8(13.8) Dodging
 + Level 3.0(8.0) Stealth
 + Level 23.5(27) Shields
 + Level 4.8 Invocations
 + Level 1.5 Evocations


You had 18 spell levels left.
You didn't know any spells.
Your spell library contained the following spells:

 Spells                   Type           Power      Damage    Failure   Level
 Apportation              Tloc           0%         N/A       99%         1
 Magic Dart               Conj           0%         1d3       99%         1
 Necrotise                Necr           0%         1d4       99%         1
 Sandblast                Erth           0%         2d4       99%         1
 Shock                    Conj/Air       0%         1d3       99%         1
 Sting                    Tmut/Pois      0%         1d3       99%         1
 Passwall                 Tmut/Erth      0%         N/A       100%        2
 Poisonous Vapours        Pois/Air       0%         N/A       100%        2
 Static Discharge         Conj/Air       0%         2-2/arc   100%        2
 Sublimation of Blood     Necr           0%         N/A       100%        2
 Dazzling Flash           Conj/Hex       0%         N/A       100%        3
 Inner Flame              Hex/Fire       0%         N/A       100%        3
 Mephitic Cloud           Conj/Pois/Air  0%         N/A       100%        3
 Portal Projectile        Hex/Tloc       0%         N/A       100%        3
 Stone Arrow              Conj/Erth      0%         3d7       100%        3
 Swiftness                Air            0%         N/A       100%        3
 Vhi's Electric Charge    Tloc/Air       0%         N/A       100%        3
 Volatile Blastmotes      Fire/Tloc      0%         2d10      100%        3
 Airstrike                Air            0%         2d(0-16)  100%        4
 Fulminant Prism          Conj/Hex       0%         3d5       100%        4
 Iskenderun's Mystic Bla  Conj/Tloc      0%         2d3       100%        4
 Leda's Liquefaction      Hex/Erth       0%         N/A       100%        4
 Olgreb's Toxic Radiance  Pois           0%         N/A       100%        4
 Petrify                  Tmut/Erth      0%         N/A       100%        4
 Arcjolt                  Conj/Air       0%         1d10      100%        5
 Irradiate                Conj/Tmut      0%         3d11      100%        5
 Lee's Rapid Deconstruct  Erth           0%         3d4*      100%        5
 Metabolic Englaciation   Hex/Ice        0%         N/A       100%        5
 Yara's Violent Unravell  Hex/Tmut       0%         3d3       100%        5
 Eringya's Noxious Bog    Tmut/Pois      0%         N/A       100%        6
 Starburst                Conj/Fire      0%         6d3       100%        6
 Statue Form              Tmut/Erth      0%         N/A       100%        6
 Enfeeble                 Hex            0%         N/A       100%        7
 Maxwell's Capacitive Co  Air            0%         ∞         100%        8
 Summon Small Mammal      Summ           Unusable   N/A       N/A         1
 Call Imp                 Summ           Unusable   N/A       N/A         2
 Call Canine Familiar     Summ           Unusable   N/A       N/A         3
 Summon Lightning Spire   Summ/Air       Unusable   N/A       N/A         4
 Summon Forest            Summ/Tloc      Unusable   N/A       N/A         5
 Summon Hydra             Summ           Unusable   N/A       N/A         7

Dungeon Overview and Level Annotations

Branches:
Dungeon (15/15)            Temple (1/1) D:6            Lair (5/5) D:11
 Shoals (4/4) Lair:3        Snake (4/4) Lair:3        Slime (2/5) Lair:5
    Orc (2/2) D:12            Elf (0/3) Orc:2        Vaults (0/5) D:13
 Depths (0/4) D:15          Sewer (visited)           IceCv (visited)

Altars:
Ashenzari
Cheibriados
Dithmenos
Elyvilon
Fedhas
Gozag
Hepliaklqana
Kikubaaqudgha
Makhleb
Nemelex Xobeh
Okawaru
Qazlal
Ru
Sif Muna
Trog
Uskayaw
Vehumet
Wu Jian
Xom
Yredelemnul
Zin
The Shining One

Shops:
D:1 :   D:7 *   D:8 [=   D:12 [   D:13 [*   D:15 (   Orc:2 [*(:(   Shoals:1 *[

Annotations:
D:13 2 transporters, Erutecwi's ghost, journeyman GrEE


Innate Abilities, Weirdness & Mutations

You have a pair of horns on your head.
You reflexively headbutt those who attack you in melee.
You are dopey. (Int -2)
You occasionally shout uncontrollably at your foes.
You are often teleported next to monsters.
You occasionally lose the ability to read scrolls when taking damage.


Message History

You block splash of acid... and reflect it back!
The splash of acid hits the acid blob.
The acid blob completely resists.
You barely miss the acid blob.
The acid blob is heavily wounded.
You hit the acid blob but do no damage.
Your hands burn!
You headbutt the acid blob, but do no damage.
The acid blob is heavily wounded.
You block the acid blob's attack.
You hit the acid blob.
Your hands burn!
* * * LOW HITPOINT WARNING * * *
The acid blob is severely wounded.
You hit the acid blob but do no damage.
Your hands burn!
* * * LOW HITPOINT WARNING * * *
You headbutt the acid blob.
The acid blob is severely wounded.
The acid blob spits acid at you. The splash of acid hits you! You resist.
* * * LOW HITPOINT WARNING * * *
An azure jelly comes into view.
You hit the acid blob but do no damage.
Your hands burn!
* * * LOW HITPOINT WARNING * * *
You headbutt the acid blob, but do no damage.
The acid blob is severely wounded.
You hit the acid blob but do no damage.
Your hands burn!
* * * LOW HITPOINT WARNING * * *
The acid blob is severely wounded.
You block the acid blob's attack.
Unknown command.
You hit the acid blob but do no damage.
Your hands burn!
* * * LOW HITPOINT WARNING * * *
You headbutt the acid blob, but do no damage.
The acid blob is severely wounded.
You hit the acid blob but do no damage. The acid corrodes you!
Your hands burn!
* * * LOW HITPOINT WARNING * * *
The acid blob is severely wounded.
The acid blob hits you!!
You feel threatened and lose the ability to read scrolls!
* * * LOW HITPOINT WARNING * * *
You are splashed with acid.
You resist.
You die...

..^........#.....#####...#..#...#
#.......#........#.##..........##
...........#.#...........#.......
........................#........
^......................#..J......
...##.#.#....................#.#.
....#####..................J..#
... ##.#........#........## ..#
#.#.#...@J.............. .
#.........J.......##.....#
##........................
#........................
.....#...................
#...#.........#....#....
#........J#....# ...#....#..#...


You could see an acid blob, an azure jelly and a slime creature.

Vanquished Creatures
  Bai Suzhen (Snake:4)
  Jorgrun (Snake:1)
  Asterion (Snake:4)
  2 krakens
  2 acid blobs
  The ghost of caveywoolpert the Earth Mage, an adept GrEE of Vehumet (Shoals:3)
  Agnes (D:14)
  Kirke (Snake:4)
  Roxanne (Snake:4)
  5 nagarajas
  2 azure jellies
  2 rockslimes
  Aizul (Snake:4)
  2 frost giants
  3 quicksilver oozes
  An orc warlord (Orc:2)
  2 very ugly things (IceCv)
  11 merfolk impalers
  10 merfolk javelineers
  A fire dragon (D:13)
  2 merfolk avatars
  3 great orbs of eyes
  9 salamander tyrants
  6 hydras
  An ogre mage (D:11)
  Harold (Orc:1)
  14 anacondas
  5 merfolk aquamancers
  A centaur warrior (D:13)
  5 boulder beetles
  11 death yaks (Lair:5)
  5 two-headed ogres
  2 alligator snapping turtles (Shoals:2)
  6 tengu warriors
  4 orc high priests (Orc:2)
  15 naga warriors
  12 naga sharpshooters
  6 shock serpents
  Sonja (D:11)
  5 skysharks
  8 salamander mystics (Snake:4)
  16 skeletal warriors (D:13)
  24 sea snakes
  An orange crystal statue (IceCv)
  6 naga ritualists
  A necromancer (D:15)
  A lindwurm (Lair:1)
  2 harpies (shapeshifter)
  A deep elf pyromancer (D:15)
  30 harpies
  A deep elf zephyrmancer (D:15)
  An oklob plant (Lair:3)
  7 orc sorcerers
  4 orc knights (Orc:2)
  8 mana vipers
  21 ugly things
  13 manticores
  8 fauns
  2 shining eyes
  2 cyclopes
  29 salamanders
  18 elephants
  7 guardian serpents
  6 merfolk sirens
  14 naga magi
  7 water nymphs
  13 cane toads
  2 eyes of devastation
  43 black mambas
  A black mamba (shapeshifter) (D:11)
  A centaur zombie (D:15)
  A torpor snail (Lair:3)
  3 unseen horrors
  2 centaur skeletons (D:15)
  Maggie (D:8)
  2 freezing wraiths (IceCv)
  8 komodo dragons
  2 gargoyles
  5 rime drakes
  An anaconda simulacrum (IceCv)
  An efreet (D:11)
  5 kobold demonologists
  A golden dragon simulacrum (IceCv)
  3 tengu conjurers
  3 meliai (D:14)
  2 polar bears
  36 merfolk
  8 trolls
  A meliai (shapeshifter) (D:15)
  3 wind drakes
  8 blink frogs
  A hornet (Lair:5)
  A blink frog (shapeshifter) (D:13)
  A tarantella (Lair:1)
  2 spectral merfolk (Shoals:3)
  14 snapping turtles
  12 dream sheep (Lair:5)
  A culicivora (shapeshifter) (D:11)
  2 jumping spiders (Lair:1)
  Sigmund (D:2)
  52 slime creatures
  A dire elephant simulacrum (IceCv)
  11 water elementals
  2 vampires
  2 spectral wind drakes (Shoals:3)
  4 wraiths
  3 wyverns
  4 hogs
  5 golden eyes (Slime:2)
  5 basilisks
  65 yaks
  17 vampire mosquitoes
  Grum (D:10)
  5 humans (D:8)
  2 redbacks (Lair:1)
  6 steam dragons
  A warg (Orc:2)
  36 nagas
  2 harpy simulacra (IceCv)
  An acid dragon (D:13)
  23 water moccasins
  A hydra simulacrum (IceCv)
  3 ice beasts
  2 black bears
  32 orc warriors
  An ettin simulacrum (IceCv)
  13 wolves
  11 ogres
  8 centaurs
  4 kobold brigands
  9 bullfrogs
  7 gnoll sergeants
  3 scorpions
  4 wights (D:8)
  A manticore simulacrum (Shoals:3)
  A lindwurm simulacrum (IceCv)
  6 killer bees (D:11)
  A merfolk simulacrum (Shoals:3)
  2 snapping turtle simulacra (Shoals:3)
  6 electric eels
  13 howler monkeys
  3 lava snakes (Lair:1)
  14 hounds
  5 jellies
  2 gnoll boudas
  20 orc priests
  Crazy Yiuf (D:7)
  A sleepcap (D:5)
  Natasha (thrice) (D:3)
  5 iguanas
  32 orc wizards
  A boggart skeleton (D:15)
  49 gnolls
  7 adders
  2 river rats
  A white imp (D:5)
  8 worms
  2 dart slugs (D:4)
  73 orcs
  A bat (D:2)
  10 endoplasms
  3 giant cockroaches
  10 goblins
  9 hobgoblins
  10 jackals
  15 kobolds
  3 quokkas
  4 ball pythons
  4 frilled lizards
  6 rats
  5 tentacles
1279 creatures vanquished.

Vanquished Creatures (others)
  Ilsuiw (Shoals:3)
  A centaur warrior (D:13)
  A merfolk aquamancer (Shoals:4)
  A salamander (Snake:4)
  A cyclops (D:13)
  A manticore (Shoals:1)
  A cane toad (Lair:3)
  A troll (D:13)
  2 merfolk
  A wyvern (Lair:3)
  2 water moccasins
  An orc wizard (D:13)
  An orc (D:7)
  47 fungi
  194 plants
  7 tentacles
263 creatures vanquished.

Grand Total: 1542 creatures vanquished

Notes
Turn   | Place    | Note
-------+----------+-------------------------------------------
     0 | D:1      | funkygono the Minotaur Fighter began the quest for the Orb.
     0 | D:1      | Reached XP level 1. HP: 19/19 MP: 0/0
    76 | D:1      | Found Wip Kixa's Vocational Training.
   238 | D:1      | Reached XP level 2. HP: 27/27 MP: 1/1
   834 | D:2      | Reached XP level 3. HP: 27/33 MP: 2/2
   968 | D:2      | Reached skill level 4 in Shields
  1180 | D:2      | Reached XP level 4. HP: 32/40 MP: 3/3
  1196 | D:2      | Noticed Sigmund
  1215 | D:2      | Killed Sigmund
  1216 | D:2      | Reached skill level 5 in Armour
  1216 | D:2      | Reached skill level 1 in Dodging
  1216 | D:2      | Reached XP level 5. HP: 36/47 MP: 4/4
  1483 | D:3      | Noticed Natasha
  1492 | D:3      | Killed Natasha
  1493 | D:3      | Reached XP level 6. HP: 21/53 MP: 5/5
  2181 | D:3      | Found a faded altar of an unknown god.
  2260 | D:3      | Noticed Natasha
  2268 | D:3      | Killed Natasha
  2613 | D:3      | Noticed Natasha
  2616 | D:3      | Killed Natasha
  2617 | D:3      | Reached skill level 5 in Axes
  2739 | D:4      | Found a glowing golden altar of the Shining One.
  3163 | D:5      | Entered Level 5 of the Dungeon
  3166 | D:5      | Noticed a water moccasin
  3177 | D:5      | Reached skill level 5 in Fighting
  3177 | D:5      | Reached XP level 7. HP: 46/61 MP: 6/6
  3178 | D:5      | Reached skill level 5 in Shields
  3300 | D:5      | Found a sparkling altar of Nemelex Xobeh.
  3609 | D:5      | Found a glowing drain.
  3617 | Sewer    | Entered a sewer
  3723 | Sewer    | Reached XP level 8. HP: 53/68 MP: 7/7
  3891 | Sewer    | Found a viscous altar of Jiyva.
  4836 | D:5      | Identified a scroll of acquirement
  4836 | D:5      | Acquired the -1 cloak "Tuasi" {rF++ Will+ Stlth+}
  4862 | D:5      | Reached skill level 10 in Axes
  4862 | D:5      | Reached skill level 8 in Shields
  4862 | D:5      | Reached XP level 9. HP: 82/82 MP: 8/8
  5110 | D:6      | Noticed an angel
  5111 | D:6      | Found a shimmering altar of Xom.
  5221 | D:6      | Found a glowing silver altar of Zin.
  5335 | D:6      | Found a staircase to the Ecumenical Temple.
  5370 | Temple   | Entered the Ecumenical Temple
  5452 | Temple   | Became a worshipper of Warmaster Okawaru
  5794 | D:6      | Found a broken altar of Ashenzari.
  6363 | D:7      | Identified the +0 whip of Ver Robo {spect, Contam rN+
                  | Dex+3}
  6400 | D:7      | Found Tumaapsy's General Store.
  6708 | D:7      | Found a runed translucent door.
  6709 | D:7      | Noticed Crazy Yiuf
  7109 | D:7      | Killed Crazy Yiuf
  7280 | D:8      | Reached * piety under Okawaru
  7331 | D:8      | Reached XP level 10. HP: 82/91 MP: 9/9
  7491 | D:8      | Reached ** piety under Okawaru
  7510 | D:8      | Reached skill level 1 in Stealth
  7516 | D:8      | Reached skill level 10 in Armour
  7743 | D:8      | Noticed Maggie
  7752 | D:8      | Killed Maggie
  7893 | D:8      | Reached skill level 10 in Fighting
  7893 | D:8      | Reached skill level 9 in Shields
  7901 | D:8      | Found Ynaa's Armour Boutique.
  7905 | D:8      | Found Zelumoiwn's Jewellery Emporium.
  7919 | D:8      | Reached *** piety under Okawaru
  8773 | D:9      | Found a shadowy altar of Dithmenos.
  9134 | D:9      | Found a snail-covered altar of Cheibriados.
  9320 | D:9      | Reached XP level 11. HP: 101/101 MP: 7/10
  9323 | D:9      | Reached **** piety under Okawaru
  9513 | D:10     | Entered Level 10 of the Dungeon
  9637 | D:10     | Noticed a two-headed ogre
  9649 | D:10     | Killed a two-headed ogre
 10432 | D:10     | Noticed Grum
 10444 | D:10     | Killed Grum
 10445 | D:10     | Reached skill level 10 in Shields
 11156 | D:11     | Noticed a tengu warrior
 11157 | D:11     | Noticed a tengu warrior
 11166 | D:11     | Killed a tengu warrior
 11183 | D:11     | Killed a tengu warrior
 11184 | D:11     | Reached skill level 1 in Invocations
 11657 | D:11     | Noticed a cyan ugly thing
 11657 | D:11     | Noticed a harpy
 11657 | D:11     | Noticed an ogre mage
 11664 | D:11     | Killed an ogre mage
 11674 | D:11     | Killed a cyan ugly thing
 11674 | D:11     | Reached ***** piety under Okawaru
 11686 | D:11     | Reached XP level 12. HP: 89/110 MP: 8/11
 11836 | D:11     | Noticed a two-headed ogre
 11842 | D:11     | Killed a two-headed ogre
 11842 | D:11     | Identified the +2 hat "Relad" {Rampage Will+ Str+2 Dex+4}
                  | (Okawaru gifted it to you on level 11 of the Dungeon)
 11842 | D:11     | Received a gift from Okawaru
 11852 | D:11     | Reached skill level 11 in Shields
 11870 | D:11     | Noticed Sonja
 11903 | D:11     | Killed Sonja
 11905 | D:11     | HP: 3/110 [something (12)]
 12843 | D:11     | Found a staircase to the Lair.
 13069 | Lair:1   | Entered Level 1 of the Lair of Beasts
 13314 | Lair:1   | Found a runed translucent door.
 13914 | Lair:1   | Reached skill level 15 in Axes
 13917 | Lair:1   | Reached skill level 12 in Shields
 13955 | Lair:1   | Found a runed translucent gate.
 13955 | Lair:1   | Found a runed translucent gate.
 13955 | Lair:1   | Found a runed translucent gate.
 13955 | Lair:1   | Found a runed translucent gate.
 13955 | Lair:1   | Found a runed translucent gate.
 13955 | Lair:1   | Found a runed translucent gate.
 13955 | Lair:1   | Noticed a boulder beetle
 13955 | Lair:1   | Noticed a boulder beetle
 13974 | Lair:1   | Killed a boulder beetle
 13975 | Lair:1   | Killed a boulder beetle
 14365 | Lair:2   | Identified the +2 robe of a Labyrinth {rElec rPois Str-3}
 15096 | Lair:2   | Reached XP level 13. HP: 111/118 MP: 11/13
 15287 | Lair:3   | Found a staircase to the Snake Pit.
 15481 | Lair:3   | Found a staircase to the Shoals.
 15567 | Lair:3   | Reached skill level 13 in Shields
 16665 | Lair:4   | Identified the +0 robe "Nunnuo" {-Tele rF+ rN+}
 16761 | Lair:4   | Identified the +3 ring mail of Agnosticism {rPois} (Okawaru
                  | gifted it to you on level 4 of the Lair of Beasts)
 16761 | Lair:4   | Received a gift from Okawaru
 17384 | Lair:4   | Reached skill level 14 in Shields
 17793 | Lair:5   | Entered Level 5 of the Lair of Beasts
 17938 | Lair:5   | Reached XP level 14. HP: 84/129 MP: 14/14
 17941 | Lair:5   | Reached skill level 1 in Throwing
 18649 | Lair:5   | Reached skill level 15 in Shields
 19093 | Lair:5   | Found the +7 captain's cutlass {speed, disarm}
 19196 | Lair:5   | Found a staircase to the Slime Pits.
 19294 | Lair:5   | Received a gift from Okawaru
 20009 | D:12     | Found a staircase to the Orcish Mines.
 20153 | D:12     | Found Fuyfus's Armour Shoppe.
 20320 | D:12     | Reached skill level 1 in Evocations
 20614 | Orc:1    | Entered Level 1 of the Orcish Mines
 20615 | Orc:1    | Noticed Harold
 20632 | Orc:1    | Killed Harold
 20633 | Orc:1    | Reached XP level 15. HP: 136/139 MP: 16/16
 20673 | Orc:1    | You fall into a shaft and drop 1 floor!
 20673 | Orc:2    | Entered Level 2 of the Orcish Mines
 20683 | Orc:2    | Found Soecw's Antique Weapon Emporium.
 21174 | Orc:2    | Reached skill level 15 in Fighting
 21213 | Orc:2    | Reached skill level 16 in Shields
 21243 | Orc:2    | Received a gift from Okawaru
 21243 | Orc:2    | Found the +3 robe of Clouds {*Thunder rCloud rElec}
 21899 | Orc:2    | Found Hetwya's Antique Armour Shop.
 21900 | Orc:2    | Found Wioc's Antique Weapon Shop.
 21902 | Orc:2    | Found Coxzoh's General Store.
 21902 | Orc:2    | Found Votanweube's Book Boutique.
 22128 | Orc:2    | Found a staircase to the Elven Halls.
 23122 | D:13     | Found Vim Viec's Antique Armour Shop.
 23731 | D:13     | Reached skill level 17 in Shields
 23775 | D:13     | Found a gate to the Vaults.
 23964 | D:13     | Found Jooj's Assorted Antiques.
 23999 | D:13     | Noticed Erutecwi's ghost (journeyman GrEE)
 24002 | D:13     | Found a bloodstained altar of Trog.
 24042 | D:13     | Found a transporter.
 24048 | D:13     | Found a transporter.
 24119 | D:13     | Received a gift from Okawaru
 24209 | D:13     | Found a shimmering altar of Xom.
 24503 | D:14     | Noticed Agnes
 24523 | D:14     | Killed Agnes
 24523 | D:14     | Received a gift from Okawaru
 24531 | D:14     | Reached XP level 16. HP: 80/151 MP: 14/17
 24564 | D:14     | Found a flickering gateway to a bazaar.
 24579 | Bazaar   | Entered a bazaar
 24716 | Bazaar   | Found Musal's Distillery.
 24744 | Bazaar   | Found Faetz's General Store.
 24744 | Bazaar   | Found Larow's Antique Weapon Shoppe.
 24766 | Bazaar   | Found Luuxkuby's Antique Weapon Emporium.
 24766 | Bazaar   | Found Jiylyh Yru's Jewellery Shoppe.
 24854 | Bazaar   | Bought a potion of heal wounds for 40 gold pieces
 24854 | Bazaar   | Bought a potion of heal wounds for 40 gold pieces
 24977 | Bazaar   | Bought a bloodstained war axe for 102 gold pieces
 24977 | Bazaar   | Identified the +9 war axe of Valour {distort, rCorr} (You
                  | bought it in a shop in a bazaar)
 24999 | Bazaar   | Bought a +4 ring of protection for 288 gold pieces
 25108 | Bazaar   | Bought the ring of Elyvilon's Vengeance {rF+ Dex+3 SInv}
                  | for 282 gold pieces
 25231 | D:14     | Received a gift from Okawaru
 25728 | D:15     | Entered Level 15 of the Dungeon
 25738 | D:15     | Found a radiant altar of Vehumet.
 26155 | D:15     | Found Emesuif's Antique Weapon Shop.
 26300 | D:15     | Found a staircase to the Depths.
 26786 | Snake:1  | Entered Level 1 of the Snake Pit
 27356 | Snake:1  | Reached skill level 18 in Shields
 27476 | Snake:1  | Noticed Jorgrun
 27486 | Snake:1  | Killed Jorgrun
 27592 | Snake:1  | Reached skill level 15 in Armour
 28645 | Snake:2  | Received a gift from Okawaru
 28694 | Snake:2  | Identified the +8 war axe of Okawaru {drain, rF+ Will-
                  | Int+2 Dex+4} (Okawaru gifted it to you on level 2 of the
                  | Snake Pit)
 28694 | Snake:2  | Received a gift from Okawaru
 29627 | Snake:2  | Reached XP level 17. HP: 145/163 MP: 5/19
 29731 | Snake:3  | Reached skill level 19 in Shields
 29916 | Snake:3  | Identified the +1 leather armour of Tisa {+Blink rC+}
 30604 | Snake:3  | Received a gift from Okawaru
 30830 | Snake:4  | Entered Level 4 of the Snake Pit
 31368 | Snake:4  | Noticed Aizul
 31393 | Snake:4  | Killed Aizul
 31854 | Snake:4  | Reached skill level 20 in Shields
 32286 | Snake:4  | Noticed Asterion
 32333 | Snake:4  | Killed Asterion
 32644 | Snake:4  | Noticed Bai Suzhen
 32668 | Snake:4  | Killed Bai Suzhen
 32852 | Snake:4  | Received a gift from Okawaru
 33370 | Snake:4  | Noticed Roxanne
 33389 | Snake:4  | Killed Roxanne
 33685 | Snake:4  | Reached XP level 18. HP: 74/174 MP: 6/20
 34029 | Snake:4  | Identified the +0 chain mail of Ihacs {Dex+5 Stlth+}
                  | (Okawaru gifted it to you on level 4 of the Snake Pit)
 34029 | Snake:4  | Received a gift from Okawaru
 34070 | Snake:4  | Noticed Kirke
 34085 | Snake:4  | Killed Kirke
 34482 | Snake:4  | Got a serpentine rune of Zot
 34795 | Shoals:1 | Entered Level 1 of the Shoals
 34795 | Shoals:1 | Found a frozen archway.
 34939 | D:8      | Bought a ring of flight for 280 gold pieces
 35066 | Orc:2    | Bought a shimmering hand axe for 200 gold pieces
 35066 | Orc:2    | Identified the +8 hand axe "Taduzy" {speed, Will+ rCorr}
                  | (You bought it in a shop on level 2 of the Orcish Mines)
 35175 | IceCv    | Entered an ice cave
 35380 | IceCv    | Found a transporter.
 35390 | IceCv    | Found a transporter.
 35631 | Shoals:1 | Reached skill level 21 in Shields
 35650 | Shoals:1 | Found Yfriud's Gadget Gallery.
 35828 | Shoals:1 | Found Munaon's Antique Armour Emporium.
 35851 | Shoals:1 | Bought a runed plate armour for 754 gold pieces
 38144 | Shoals:3 | Reached skill level 22 in Shields
 38387 | Shoals:3 | Found a runed translucent gate.
 38387 | Shoals:3 | Found a runed translucent gate.
 38387 | Shoals:3 | Found a runed translucent gate.
 38387 | Shoals:3 | Noticed caveywoolpert's ghost (adept GrEE)
 38599 | Shoals:3 | Noticed Ilsuiw
 38652 | Shoals:3 | Killed Ilsuiw
 39377 | Shoals:3 | Killed caveywoolpert's ghost
 39434 | Shoals:4 | Entered Level 4 of the Shoals
 39484 | Shoals:4 | Reached XP level 19. HP: 116/184 MP: 21/21
 39729 | Shoals:4 | Received a gift from Okawaru
 41100 | Shoals:4 | Received a gift from Okawaru
 41114 | Shoals:4 | Reached skill level 23 in Shields
 41503 | Shoals:4 | Identified the +0 plate armour "Yjul" {-Cast Rampage Str+2
                  | Stlth+}
 42117 | Shoals:4 | Got a barnacled rune of Zot
 42712 | D:11     | Upgraded the game from 0.30-a0-1066-g63dfefce0d to
                  | 0.30-a0-1074-g5db6f66fbb
 42866 | Slime:1  | Entered Level 1 of the Pits of Slime
 42868 | Slime:1  | Gained mutation: You occasionally shout uncontrollably at
                  | your foes. [a shining eye]
 42872 | Slime:1  | Gained mutation: You occasionally lose the ability to read
                  | scrolls when taking damage. [a shining eye]
 42874 | Slime:1  | Gained mutation: You are dopey. (Int -2) [a shining eye]
 42882 | Slime:1  | Gained mutation: You are occasionally teleported next to
                  | monsters. [a shining eye]
 43024 | Slime:1  | Gained mutation: You are often teleported next to monsters.
                  | [a shining eye]
 43785 | Slime:2  | HP: 3/187 [acid blob (35)]
 43785 | Slime:2  | Splashed by an acid blob's acid

Illustrated notes

Levels and vault maps discovered:
D:1:      scummos_arrival_simple_crosswalls, layout_basic,
          nicolae_shop_vocational
D:2:      layout_basic, uniq_sigmund
D:3:      layout_loops_corners, basic_ecumenical_altar, uniq_natasha
D:4:      layout_rooms, general_overflow_altar
D:5:      layout_basic, nemelex_xobeh_ov_fountains_minmay,
          lightli_sewer_entry_pipes, palyth_stone_intersect
D:6:      layout_layer_cave, grunt_temple_overflow_order_and_chaos_1,
          mainiacjoe_overflow_small_starburst, minmay_temple_entry_stoned_glass
D:7:      nicolae_cairo_tiling, layout_gridville, serial_shops, shop,
          uniq_crazy_yiuf_cottage
D:8:      layout_layer_cave, nrook_campfire, nicolae_wooded_promenade,
          minmay_ruffians, uniq_maggie
D:9:      layout_irregular_city, mainiacjoe_overflow_six_doors_small,
          mainiacjoe_overflow_cross_hatched
D:10:     layout_cave_pools, serial_gnoll_camp, gnoll_camp_mini_sergeant,
          gnoll_camp_mini_basic, gnoll_camp_mini_loothouse, gnoll_camp_mini_hut,
          gnoll_camp_huts_moat, grums_kennel
D:11:     minmay_the_grid_plus [minmay_the_grid_paths,
          minmay_the_grid_outer_circle, minmay_the_grid_all_tris,
          minmay_the_grid_mess, minmay_the_grid_prize_big_room], layout_rooms,
          grunt_lair_entry_orc_guard_hut, uniq_sonja
D:12:     layout_cave_pools, david_orc_2, serial_shops, nicolae_diamond_shop
D:13:     layout_stronghold, david_vaults_4, gammafunk_ghost_wrathful_warriors,
          serial_shops, nicolae_shop_waterfront, nicolae_shop_statue_plus,
          xom_confusion_cloud
D:14:     layout_cave_pools, nrook_mini_vaults, serial_shops, bzr_entry_islet,
          uniq_agnes
D:15:     grunt_enter_depths_magical_seal, layout_basic, serial_shops,
          nicolae_shop_statue_plus, nicolae_vehumet_radiance
Temple:   regret_index_temple_waves
Lair:1:   gammafunk_indiana_jones, layout_regular_city, lemuel_fruit_fields,
          serial_bayou_shore_b
Lair:2:   layout_cave_pods, grunt_megastairs_3, infiniplex_staircase_pool_2
Lair:3:   layout_loops_ring, minmay_shoals_entry_centaurs,
          guppyfry_snake_entry_garden, nzn_random_ring
Lair:4:   layout_regular_city, serial_bayou_shore_a
Lair:5:   gammafunk_lair_ancient_temple, layout_gridlike, slime_entry_1,
          nicolae_lair_grove_arrangements, minivault_27,
          infiniplex_staircase_pool, lemuel_fruit_tree
Shoals:1: layout_shoals, portal_ice_cave_entry_pillars_three, serial_shops,
          nicolae_lakefront_shop, nicolae_shop_gadgets
Shoals:2: layout_shoals
Shoals:3: layout_shoals, gammafunk_ghost_necromancy, uniq_ilsuiw
Shoals:4: shoals_end_grunt_ice, layout_shoals, nicolae_shoals_lost_giant_hut,
          kb_tengu_band
Snake:1:  layout_chambers, grunt_megastairs_4, uniq_jorgrun
Snake:2:  layout_onion_interference, serial_bayou, serial_bayou_pond_b,
          serial_bayou_shore_b, serial_bayou_pond_c, serial_bayou_lake_a
Snake:3:  nicolae_snake_nest, layout_rooms, st_stairs_8,
          nicolae_snake_salamander_stairs
Snake:4:  grunt_snake_rune_pools, layout_cave_town, uniq_roxanne, uniq_aizul,
          uniq_bai_suzhen, uniq_kirke, uniq_asterion
Slime:1:  layout_caves
Slime:2:  layout_caves
Orc:1:    layout_caves, uniq_harold
Orc:2:    st_orc_congregation, layout_caves, serial_shops, nicolae_diamond_shop,
          mines1_david

Skill      XL: |  1  2  3  4  5  6  7  8  9 10 11 12 13 14 15 16 17 18 19 |
---------------+----------------------------------------------------------+-----
Fighting       | 4 5 8 9 10 11 12 13 14 16 17 18 19 20 | 20.3
Armour         | 4 5 6 9 10 11 12 13 14 15 16 | 16.7
Shields        | 4 5 8 9 10 12 14 15 17 18 20 22 23 | 23.5
Axes           | 3 4 5 7 10 11 12 14 15 16 17 18 19 20 21 | 21.9
Dodging        | 1 2 6 7 8 |  8.8
Stealth        | 1 2 3 |  3.0
Invocations    | 1 2 3 4 |  4.8
Throwing       | 1 2 3 4 |  4.1
Evocations     | 1 |  1.5

Action                     |  1- 3 |  4- 6 |  7- 9 | 10-12 | 13-15 | 16-18 | 19-21 || total
---------------------------+-------+-------+-------+-------+-------+-------+-------++-------
  Melee: War axe           |    60 |    99 |   245 |   613 |   672 |       |       ||  1689
         Headbutt          |     8 |    12 |    44 |   148 |   254 |   502 |   134 ||  1102
         Broad axe         |       |       |       |       |   391 |   955 |       ||  1346
         Hand axe          |       |       |       |       |       |   729 |   405 ||  1134
  Throw: Boomerang         |       |       |       |       |    30 |    62 |     7 ||    99
         Javelin           |       |       |       |       |       |       |     1 ||     1
 Invoke: Heroism           |       |       |       |    25 |    40 |    30 |     7 ||   102
  Evoke: Wand              |       |     2 |       |       |     1 |     1 |       ||     4
    Use: Scroll            |       |       |    23 |     8 |     6 |     9 |     2 ||    48
         Potion            |       |       |     1 |     3 |     4 |     4 |     2 ||    14
   Stab: Distracted        |       |       |       |       |       |     1 |       ||     1
 Armour: Scale mail        |    27 |    16 |       |       |       |       |       ||    43
         Chain mail        |       |    35 |    96 |   248 |    39 |       |       ||   418
         Plate armour      |       |       |       |       |   307 |   481 |   104 ||   892
         Crystal plate arm |       |       |       |       |       |       |    58 ||    58
         Skin              |       |       |       |       |       |       |     1 ||     1
  Dodge: Dodged            |    29 |    61 |   147 |   249 |   280 |   373 |    98 ||  1237
  Block: Buckler           |    10 |    35 |    46 |    11 |       |       |       ||   102
         Kite shield       |       |       |       |   409 |   865 |   908 |       ||  2182
         Reflection        |       |       |       |    11 |    22 |   134 |    34 ||   201
         Tower shield      |       |       |       |       |       |   685 |   486 ||  1171

Table legend: (Time is in decaauts)
 A = Elapsed time spent in this place.
 B = Non-inter-level travel time spent in this place.
 C = Inter-level travel time spent in this place.
 D = Time resting spent in this place.
 E = Time spent auto-exploring this place.
 F = Levels seen in this place.
 G = Mean time per level.
                   A        B        C        D        E       F      G
               +--------+--------+--------+--------+--------+-----+--------+
         Total |  42949 |  41130 |   1819 |   1500 |  31078 |  36 | 1193.0 |
       Dungeon |  17134 |  16313 |    821 |    849 |  12025 |  15 | 1142.3 |
        Temple |    163 |    140 |     23 |      0 |    116 |   1 |  163.0 |
          Lair |   7375 |   6814 |    561 |    110 |   5473 |   5 | 1475.0 |
        Shoals |   6591 |   6462 |    129 |    256 |   5146 |   4 | 1647.8 |
     Snake Pit |   7693 |   7511 |    182 |    129 |   5827 |   4 | 1923.2 |
    Slime Pits |    574 |    574 |      0 |      0 |    370 |   2 |  287.0 |
  Orcish Mines |   2090 |   1989 |    101 |      0 |   1500 |   2 | 1045.0 |
        Bazaar |    547 |    547 |      0 |      0 |    208 |   1 |  547.0 |
         Sewer |    367 |    367 |      0 |      0 |    234 |   1 |  367.0 |
      Ice Cave |    410 |    410 |      0 |    156 |    177 |   1 |  410.0 |
               +--------+--------+--------+--------+--------+-----+--------+

Top non-repeatable levels by time:
Shoals:3: 2864 daAuts
 Snake:4: 2783 daAuts
    D:11: 2290 daAuts
  Lair:5: 2246 daAuts
 Snake:3: 1967 daAuts
 Snake:1: 1944 daAuts
    D:10: 1679 daAuts
     D:8: 1623 daAuts
    D:13: 1589 daAuts
Shoals:4: 1567 daAuts
   Orc:2: 1506 daAuts
     D:5: 1435 daAuts
  Lair:1: 1382 daAuts
Shoals:2: 1301 daAuts
  Lair:3: 1300 daAuts
